Map: [ESL] Ancient Cistern

Players

Astrea

  • Race: Protoss Protoss
  • League: Diamond

GuMiho - Winner!

  • Race: Terran Terran

Event: IEM Katowice 2023

VOD

Have the link to the VOD?

Description

Time

  • Played on: Feb. 9, 2023, 7:52 a.m.
  • Length: 14:18

All games in this series

Show
View Real Time Build Order
Export as new Build Order

Astrea Protoss 

Build Orders: 1 Gate Expand, Phoenix Opening, Colossus Rush 

Get SALT Encoding   

  12  0:00  Probe  
  13  0:12  Probe  
  14  0:16  Pylon  
  14  0:24  Probe (Chrono Boost)  
  16  0:35  Gateway  
  16  0:36  Probe (Chrono Boost)  
  16  0:43  Probe (Chrono Boost)  
  16  0:45  Assimilator  
  17  0:51  Probe  
  18  1:03  Probe  
  19  1:15  Probe  
  20  1:21  Nexus  
  20  1:29  Cybernetics Core  
  20  1:33  Probe  
  20  1:39  Assimilator  
  21  1:46  Probe (Chrono Boost)  
  22  1:51  Pylon  
  21  1:58  Probe (Chrono Boost)  
  22  2:05  Probe (Chrono Boost)  
  23  2:09  Sentry (Chrono Boost), Warp Gate  
  23  2:12  Probe  
  26  2:17  Forge  
  26  2:23  Stalker (Chrono Boost)  
  26  2:25  Probe (Chrono Boost)  
  29  2:31  Phoenix  
  29  2:32  Probe (Chrono Boost)  
  31  2:42  Probe x2 (Chrono Boost)  
  32  2:47  Probe (Chrono Boost)  
  32  2:48  Probe  
  32  2:49  Protoss Ground Weapons Level 1  
  34  2:52  Adept  
  36  2:59  Probe  
  36  3:00  Probe  
  36  3:03  Robotics Facility  
  38  3:11  Probe  
  40  3:12  Probe  
  39  3:23  Probe (Chrono Boost)  
  41  3:28  Pylon  
  41  3:30  Probe (Chrono Boost)  
  41  3:33  Probe (Chrono Boost)  
  42  3:38  Probe x2 (Chrono Boost)  
  44  3:43  Pylon  
  44  3:44  Assimilator  
  44  3:46  Warp Prism (Chrono Boost)  
  44  3:47  Assimilator  
  44  3:49  Probe x2  
  44  3:53  Robotics Bay  
  48  4:01  Probe x2  
  50  4:05  Gateway  
  50  4:07  Adept  
  52  4:13  Probe x2  
  52  4:15  Observer (Chrono Boost)  
  55  4:19  Pylon  
  55  4:23  Twilight Council  
  55  4:25  Probe  
  55  4:26  Photon Cannon  
  56  4:37  Disruptor (Chrono Boost)  
  56  4:39  Probe  
  56  4:40  Pylon  
  60  4:48  Extended Thermal Lance  
  60  4:50  Observer  
  60  5:05  Colossus (Chrono Boost)  
  60  5:06  Gateway  
  66  5:09  Pylon, Gateway  
  66  5:17  Nexus  
  66  5:22  Protoss Ground Weapons Level 2  
  66  5:30  Blink (Chrono Boost)  
  66  5:39  Probe x2  
  68  5:43  Pylon  
  68  5:46  Pylon  
  67  5:51  Probe  
  67  5:56  Colossus (Chrono Boost)  
  74  5:57  Probe  
  74  6:03  Probe  
  74  6:04  Stalker x3  
  76  6:09  Probe  
  79  6:15  Pylon  
  79  6:17  Pylon  
  75  6:30  Stalker x4  
  83  6:35  Nexus  
  81  6:40  Colossus (Chrono Boost)  
  81  6:44  Pylon  
  87  6:47  Pylon  
  85  6:55  Probe  
  85  6:57  Pylon  
  86  7:02  Probe  
  86  7:07  Probe  
  88  7:14  Probe  
  89  7:16  Stalker x4  
  89  7:17  Pylon  
  89  7:20  Probe  
  96  7:26  Probe  
  96  7:28  Shield Battery  
  97  7:32  Probe  
  97  7:35  Pylon x2  
  98  7:38  Probe  
  98  7:44  Probe  
  100  7:47  Probe  
  100  7:49  Charge (Chrono Boost)  
  100  7:50  Protoss Ground Weapons Level 3 (Chrono Boost), Probe  
  101  7:54  Stalker x2  
  101  7:55  Stalker  
  101  7:56  Probe  
  108  7:59  Probe  
  108  8:02  Probe  
  110  8:08  Probe  
  110  8:11  Probe  
  110  8:15  Pylon  
  110  8:17  Observer (Chrono Boost)  
  110  8:18  Nexus  
  110  8:19  Zealot  
  113  8:20  Pylon  
  113  8:21  Zealot  
  115  8:29  Zealot  
  115  8:30  Zealot  
  119  8:34  Observer  
  119  8:37  Probe  
  119  8:38  Forge, Probe x2  
  122  8:44  Zealot x2  
  126  8:49  Pylon  
  126  8:50  Probe x2  
  128  8:55  Pylon  
  128  8:58  Disruptor  
  131  9:08  Probe  
  127  9:15  Probe  
  127  9:16  Stalker x4  
  130  9:17  Probe  
  116  9:27  Probe  
  115  9:39  Probe  
  115  9:41  Probe  
  118  9:45  Observer  
  118  9:46  Nexus  
  118  9:51  Probe x2  
  120  9:55  Zealot x2, Observer  
  120  9:56  Pylon, Zealot x2  
  128  10:02  Probe  
  128  10:03  Gateway, Probe x2  
  128  10:04  Gateway  
  128  10:05  Gateway  
  128  10:06  Protoss Ground Armor Level 1 (Chrono Boost)  
  131  10:08  Gateway  
  131  10:14  Probe  
  131  10:15  Probe x2  
  131  10:20  Assimilator  
  134  10:24  Assimilator  
  134  10:28  Zealot x4  
  142  10:29  Probe x2  
  140  10:41  Disruptor (Chrono Boost)  
  140  10:53  Probe  
  140  10:55  Zealot, Robotics Facility  
  141  10:59  Pylon x2  
  141  11:02  Zealot x4  
  144  11:04  Probe  
  144  11:08  Probe x2  
  136  11:11  Zealot x6  
  136  11:14  Disruptor (Chrono Boost)  
  151  11:22  Probe x2  
  151  11:23  Probe x2  
  151  11:34  Probe  
  151  11:39  Zealot x6  
  158  11:42  Disruptor  
  158  11:43  Disruptor  
  137  11:54  Probe  
  131  12:02  Probe  
  131  12:07  Probe x2  
  130  12:09  Stalker x5  
  130  12:12  Pylon  
  139  12:18  Disruptor x2 (Chrono Boost)  
  143  12:38  Zealot  
  143  12:39  Zealot x6  
  151  12:50  Disruptor x2 (Chrono Boost)  
  156  12:51  Zealot  
  158  13:03  Zealot x7  
  124  13:15  Zealot  
  124  13:19  Disruptor (Chrono Boost)  
  102  13:25  Stalker x7  
  87  13:37  Nexus  
  87  13:39  Observer  
  87  13:44  Zealot  
  75  13:55  Zealot x3  
  81  14:08  Stalker x2  
  81  14:09  Stalker  
  86  14:13  Zealot  
Show
View Real Time Build Order
Export as new Build Order

GuMiho Terran - Winner!

Build Orders:  

Get SALT Encoding   

  12  0:00  SCV  
  13  0:12  SCV  
  14  0:16  Supply Depot  
  14  0:24  SCV  
  15  0:38  SCV  
  15  0:39  Barracks  
  15  0:42  Refinery  
  16  0:50  SCV  
  17  1:02  SCV  
  18  1:14  SCV  
  19  1:26  Marine, Orbital Command  
  20  1:36  Command Center  
  20  1:43  Supply Depot  
  20  1:46  Marine  
  21  1:51  SCV  
  22  2:01  Factory  
  22  2:04  SCV  
  22  2:06  Marine  
  24  2:11  Refinery  
  24  2:16  SCV  
  25  2:25  Barracks Reactor  
  25  2:28  SCV  
  26  2:40  SCV  
  27  2:44  Starport  
  27  2:45  Hellion  
  27  2:48  Orbital Command  
  29  2:52  SCV  
  30  3:01  Marine x2  
  30  3:04  SCV  
  33  3:06  Factory Tech Lab  
  33  3:16  SCV  
  31  3:20  Marine x2  
  31  3:24  Barracks, SCV  
  34  3:28  SCV  
  34  3:29  Raven  
  34  3:34  Factory Tech Lab  
  37  3:36  SCV  
  37  3:37  Marine  
  37  3:38  Marine  
  37  3:40  SCV  
  39  3:41  Supply Depot  
  39  3:48  SCV  
  39  3:49  Refinery  
  39  3:50  Engineering Bay  
  39  3:52  SCV  
  39  3:54  Siege Tank  
  44  3:56  Marine  
  44  3:59  Marine  
  46  4:03  SCV, Supply Depot  
  46  4:05  SCV  
  48  4:14  Starport Reactor  
  48  4:15  Marine, SCV  
  48  4:16  Stimpack  
  48  4:17  Marine  
  50  4:18  Marine  
  50  4:21  SCV  
  53  4:26  Terran Infantry Weapons Level 1  
  53  4:27  SCV, Supply Depot  
  54  4:33  SCV  
  54  4:34  Barracks  
  55  4:39  SCV  
  55  4:40  Siege Tank, Marine  
  55  4:44  Marine  
  55  4:45  SCV  
  62  4:50  Supply Depot  
  62  4:51  SCV  
  63  4:57  Marine, SCV  
  62  5:03  SCV  
  62  5:05  Medivac  
  65  5:09  SCV  
  65  5:12  Medivac  
  68  5:16  SCV, Missile Turret  
  69  5:21  SCV  
  69  5:28  SCV  
  73  5:34  SCV  
  71  5:36  Supply Depot  
  71  5:37  Medivac  
  71  5:39  Factory Reactor  
  71  5:40  SCV  
  74  5:46  SCV  
  74  5:48  Command Center  
  75  5:50  Marauder  
  75  5:52  Combat Shield, SCV  
  75  5:56  Concussive Shells  
  77  5:57  Marauder  
  77  5:58  SCV  
  77  6:00  Marine x2  
  81  6:04  SCV  
  81  6:10  SCV  
  81  6:11  Marauder  
  81  6:18  Marine  
  83  6:19  Marauder  
  83  6:20  Barracks  
  83  6:22  Barracks  
  86  6:29  Supply Depot  
  86  6:30  Marine  
  86  6:31  Terran Infantry Armor Level 1  
  87  6:33  Marauder  
  87  6:35  SCV  
  90  6:40  Marauder  
  90  6:41  Widow Mine  
  94  6:51  Marine x2, Widow Mine, SCV  
  99  6:54  Marauder  
  99  7:00  Medivac  
  103  7:01  Marauder  
  103  7:02  Orbital Command, Supply Depot  
  103  7:03  Widow Mine, Refinery  
  103  7:08  Barracks Tech Lab, Barracks Reactor  
  103  7:13  Widow Mine  
  107  7:16  Marauder  
  107  7:22  Marine x2  
  109  7:23  Marauder  
  109  7:24  Widow Mine  
  113  7:30  Engineering Bay, SCV, Armory  
  113  7:32  SCV  
  113  7:34  Widow Mine  
  113  7:36  SCV  
  120  7:37  Marauder  
  120  7:40  Marauder  
  122  7:44  Marauder  
  122  7:45  SCV x2  
  122  7:48  SCV  
  124  7:57  SCV  
  124  7:58  Supply Depot  
  125  8:00  Supply Depot  
  125  8:01  Marauder  
  125  8:03  Marauder, Widow Mine  
  125  8:12  Marine  
  125  8:15  SCV  
  125  8:18  Ghost Academy  
  125  8:19  Medivac  
  132  8:20  Marauder, Widow Mine, SCV  
  132  8:21  Supply Depot  
  132  8:22  Medivac, Marauder  
  132  8:23  Supply Depot  
  132  8:25  Marauder  
  138  8:35  Terran Infantry Weapons Level 2  
  140  8:41  Marauder  
  140  8:42  Marine x2  
  140  8:43  Marine x2  
  140  8:44  Marauder  
  140  8:46  Marauder  
  140  8:47  Supply Depot x2  
  148  8:50  Terran Infantry Armor Level 2  
  148  9:00  Marine x3  
  148  9:01  Marine, Widow Mine x2  
  157  9:03  Marauder  
  157  9:06  Marauder  
  157  9:07  Marauder  
  143  9:18  Marine x3  
  143  9:19  Marine  
  148  9:24  Marauder  
  148  9:25  Widow Mine x2  
  148  9:27  Medivac  
  148  9:28  SCV, Marauder  
  148  9:29  Marauder  
  155  9:36  Marine x3  
  155  9:37  Marine  
  147  9:46  Widow Mine  
  147  9:50  Supply Depot  
  147  9:51  Supply Depot  
  147  9:52  Supply Depot  
  151  9:59  Ghost x3  
  149  10:06  Command Center  
  151  10:07  Refinery  
  151  10:12  Barracks  
  151  10:13  Barracks  
  151  10:18  Barracks  
  151  10:23  Marine x3  
  151  10:28  Marine, Marauder x2  
  159  10:29  Marauder  
  157  10:42  Marine x2  
  155  10:47  Medivac, Widow Mine x2  
  155  10:48  Medivac  
  164  10:50  Marauder x2  
  164  10:53  SCV x3  
  162  10:59  Marauder  
  151  11:05  SCV x3  
  153  11:17  Viking, SCV x3  
  157  11:19  Planetary Fortress  
  157  11:20  Missile Turret  
  157  11:29  SCV x3, Viking  
  158  11:41  SCV x3  
  158  11:42  Marine x3, Marauder  
  158  11:43  Marauder  
  161  11:56  SCV x2  
  161  11:57  SCV  
  161  11:59  Marine x3  
  163  12:08  SCV x2  
  165  12:09  SCV  
  165  12:11  Marine, Marauder  
  169  12:16  Medivac  
  169  12:20  SCV x2  
  169  12:21  SCV  
  173  12:32  SCV  
  173  12:33  Marine x3, Marauder x2  
  173  12:46  Ghost  
  175  12:51  Marine x3  
  175  12:53  Marine x2, Ghost  
  175  12:54  Marauder  
  184  13:03  Marine x2  
  179  13:09  Marine x3  
  179  13:10  Marine  
  179  13:11  Marine  
  178  13:15  Marauder  
  178  13:16  Marauder  
  149  13:21  Marine x2  
  149  13:23  Marauder  
  148  13:27  Marine x3, SCV x3  
  148  13:28  Marine x2  
  150  13:36  Marauder  
  150  13:37  Marauder  
  150  13:38  Command Center  
  150  13:39  Marine x2, SCV x2  
  156  13:43  Medivac  
  156  13:44  Marauder  
  156  13:45  Marine x3  
  156  13:46  Marine  
  156  13:53  Refinery x2  
  156  13:58  Barracks Tech Lab  
  156  14:00  Barracks Tech Lab  
  157  14:06  Barracks Reactor  

Tags
 
Add a new tag
Caveats
  • Supply blocks, unpowered buildings, or Contaminate may cause inaccurate times.
  • Supply counts are checked every 10 seconds.